AoeStats
← ApoC

Black Forest

507706603Analyzed
3v3 RM · 13d ago on Sep 19, 2026· 36m 28s· 6 players
Game mode
Random Map
Map size
Normal (6 player)
Population
200
Speed
Normal
Resources
Standard
Victory
Conquest
Starting age
Dark Age
Ending age
Imperial Age
RankedLock teamsTeams togetherTeam positionsShared explorationLock speedFull tech treeHidden civsTurbo modeCheats
Victory
Defeat
🇫🇮 Turks · Finland
596
+15
🇪🇸 Gurjaras · Spain
505
+19
🇷🇺 Slavs · Russia
454
+21
🇩🇪 Hindustanis · Germany
699
-22
🇮🇳 Khmer · India
526
-17
🇨🇳 Vikings · China
504
-16
RSAngelillo
0:30 Loom
0:44 Loom
17:46 Feudal Age
18:35 Double-Bit Axe
19:28 Wheelbarrow
18:40 Horse Collar
18:49 Town Watch
21:47 Gold Mining
21:48 Stone Mining
32:27 Castle Age
34:15 Heavy Plow
34:30 Bow Saw
35:00 Crossbowman
35:46 Thumb Ring
36:08 Husbandry
36:16 Scale Barding Armor
36:32 Hand Cart
36:29 Town Patrol
ApoC
14:33 Feudal Age
14:29 Loom
16:49 Double-Bit Axe
16:48 Horse Collar
24:02 Castle Age
21:57 Gold Mining
21:59 Stone Mining
22:18 Padded Archer Armor
22:09 Fletching
23:14 Scale Barding Armor
23:20 Forging
24:51 Bloodlines
27:42 Husbandry
28:00 Thumb Ring
30:01 Bodkin Arrow
31:15 Bow Saw
35:19 Gold Shaft Mining
Lord
2:34 Loom
mace.windu1310
mleit
3:09 Loom
15:23 Feudal Age
17:57 Wheelbarrow
23:54 Castle Age
29:14 Fletching
31:53 Double-Bit Axe
31:43 Elite Skirmisher
32:28 Squires
35:44 Pikeman
15650188071
Connection lost

Rejoining the realm…

Still unreachable

The connection could not be restored.

Session expired

The server has moved on; the page needs a fresh start.